Cogmind - Beta 16.1 @@@ ROGUE MODE // 2026.04.24 @ 16:42:28 Player: Elxavo Result: Destroyed by PS-QYT(R) with Subdweller Laser Performance ------------- Evolutions (0) 0 Regions Visited (2) 400 Robots Destroyed (18) 90 Value Destroyed (561) 561 Prototype IDs (1) 20 Alien Tech Used (0) 0 Bonus (0) 0 TOTAL SCORE: 1071 Bonus ------- None Cogmind --------- Core Integrity 0/250 Matter 218/300 Energy 98/100 System Corruption 0% Temperature Cool (6) Movement Walking (400) Ox4 Location -10/Subcaves Parts ------- > --- POWER (1) -------- (None) > --- PROPULSION (2) --- Aluminum Leg Aluminum Leg > --- UTILITY (2) ------ Huge Storage Unit > --- WEAPON (2) ------- Particle Gun Light Cannon > --- INVENTORY (25) --- Ion Engine Light Ion Engine Light Nuclear Core Light Treads Light Treads Wheel Heat Sink Heat Sink High-capacity Storage Unit Small Battery (100) High-capacity Matter Pod (97) Assault Rifle Assault Rifle Light Assault Rifle Shotgun Mining Laser Mining Claw Peak State ------------ > --- POWER ------------ Cooled Ion Engine > --- PROPULSION ------- Aluminum Leg Aluminum Leg > --- UTILITY ---------- Huge Storage Unit Weapon Shielding > --- WEAPON ----------- Particle Gun Shotgun > --- INVENTORY -------- Light Ion Engine Light Nuclear Core Light Treads Light Treads Aluminum Leg Wheel Heat Sink High-capacity Storage Unit Small Battery High-capacity Matter Pod Light Armor Plating Assault Rifle Assault Rifle Light Assault Rifle Light Cannon Grenade Launcher Mining Laser Mining Claw [Rating: 13] Favorites ----------- Power Cooled Ion Engine Engine Cooled Ion Engine Propulsion Aluminum Leg Leg Aluminum Leg Utility Huge Storage Unit Device Seismic Detector Storage Huge Storage Unit Protection Weapon Shielding Weapon Shotgun Energy Gun Particle Gun Ballistic Gun Shotgun Ballistic Cannon Light Cannon Launcher Grenade Launcher Build | -11 -10 -10 ------- Run | Yrd Mat Sub Slots Evolved . | . . . Power . | . . . Propulsion . | . . . Utility . | . . . Weapon . | . . . Parts Attached 20 | 7 10 3 Power 3 | 1 2 . Engine 3 | 1 2 . Core . | . . . Reactor . | . . . Propulsion 5 | 2 2 1 Treads . | . . . Leg 5 | 2 2 1 Wheel . | . . . Hover . | . . . Flight . | . . . Utility 5 | 2 3 . Device 1 | 1 . . Storage 2 | 1 1 . Processor . | . . . Hackware . | . . . Protection 2 | . 2 . Artifact . | . . . Weapon 7 | 2 3 2 Energy Gun 2 | . 2 . Energy Cannon . | . . . Ballistic Gun 3 | 2 1 . Ballistic Cannon 1 | . . 1 Launcher 1 | . . 1 Special Weapon . | . . . Impact Weapon . | . . . Slashing Weapon . | . . . Piercing Weapon . | . . . Special Melee Weapon . | . . . Unidentified Prototypes 1 | . 1 . Parts Lost 7 | . 3 4 Power 1 | . . 1 Propulsion 1 | . . 1 Utility 3 | . 2 1 Weapon 2 | . 1 1 Highest Loss Streak 4 | . 1 4 To Critical Strikes . | . . . Average Backups 12 | 3 11 18 Power 2 | 1 2 3 Propulsion 3 | 1 3 3 Utility 2 | . 1 5 Weapon 4 | . 4 6 Tool/Special . | . . . Unused Backups 16 | . 3 13 Power 3 | . 1 2 Propulsion 4 | . 1 3 Utility 5 | . 1 4 Weapon 4 | . . 4 Tool/Special . | . . . Average Slot Usage (%) 98 | . 100 93 Engine 13 | . 14 12 Leg 27 | . 28 26 Device 4 | . 4 . Storage 14 | . 14 14 Protection 9 | . 9 11 Energy Gun 10 | . 9 14 Ballistic Gun 17 | . 18 10 Peak Build Rating 13 | 8 13 13 Average Rating 10 | 5 11 12 On Entrance 7 | . 8 13 Avg Prop Armor Cover (%) . | . . . Naked Turns . | . . . Heaviest Build 97 | 14 97 97 Greatest Support 20 | 20 20 20 Greatest Overweight (x) 9 | 1 4 9 Average Overweight (x) 1 | . 1 4 Largest Inventory Capacity 25 | 8 25 25 Average Capacity 19 | 7 19 25 Most Carried 19 | 8 19 19 Average Carried 12 | 3 11 18 Final Capacity 25 | 8 25 25 Final Carried 19 | 8 19 17 Class Distribution -------------------- 100% | Mutant Dominant Class ---------------- Mutant | -10/Materials Mutant | -10/Subcaves Resources | -11 -10 -10 ----------- Run | Yrd Mat Sub Matter Collected 691 | 294 393 4 Remotely . | . . . Salvage Created 624 | 137 435 52 Parts 32 | 7 19 6 Haulers Intercepted . | . . . Recyclers Shooed . | . . . Parts Field Recycled . | . . . Retrieved Matter . | . . . Parts Self-Destructed 2 | . . 2 Prevented . | . . . Parts Restored . | . . . Kills | -11 -10 -10 ------- Run | Yrd Mat Sub Combat Hostiles Destroyed 13 | . 10 3 Guns 10 | . 10 . Cannons 1 | . . 1 AOE 2 | . . 2 Classes Destroyed 6 | 2 3 1 Tunneler 2 | 2 . . Recycler 1 | 1 . . Operator 1 | . 1 . Watcher 1 | . 1 . Grunt 10 | . 10 . Subdweller 3 | . . 3 Best Kill Streak 3 | 2 3 1 Combat Bots Only 3 | . 3 1 Max Kills in Single Turn 1 | 1 1 1 Gunslinging . | . . . Exploded 1 | . . 1 Melee . | . . . Uniques/NPCs Destroyed . | . . . Combat | -11 -10 -10 -------- Run | Yrd Mat Sub Hostile Shots Fired 119 | . 71 48 Missed 38 | . 20 18 Hits 81 | . 51 30 Projectile 81 | . 51 30 Critical Strikes 3 | . 1 2 Actively Blocked 1 | . 1 . Damage Taken 1329 | . 722 607 Core 261 | . 81 180 Absorbed by Shields . | . . . Redirected to Shielding 50 | . 50 . Core Remaining (%) 100 | 100 . . Volleys Fired 61 | 6 38 17 Largest 2 | 2 2 2 Hottest 95 | 40 88 95 Shots Fired 118 | 12 76 30 Gun 105 | 12 76 17 Cannon 9 | . . 9 Launcher 4 | . . 4 Special . | . . . Kinetic 81 | 12 60 9 Thermal 33 | . 16 17 Explosive 4 | . . 4 Electromagnetic . | . . . Robot Hit Streak 10 | 5 6 10 Robot Miss Streak 4 | 1 4 2 Penetration Max . | . . . Secondary Targets 2 | . 2 . Max Gunslinging Chain 1 | . 1 . Shots Hit Robots 83 | 8 50 25 Core Hits 38 | 5 26 7 Critical Kills . | . . . Critical Parts Destroyed . | . . . Critical Strikes 1 | . 1 . Burn 1 | . 1 . Melee Attacks . | . . . Impact . | . . . Slashing . | . . . Piercing . | . . . Sneak Attacks . | . . . Combat Hostiles . | . . . Follow-up Attacks . | . . . Damage Inflicted 1347 | 83 675 589 Guns 965 | 83 675 207 Cannons 118 | . . 118 Explosions 264 | . . 264 Melee . | . . . Ramming . | . . . Kinetic 742 | 83 541 118 Thermal 341 | . 134 207 Explosive 264 | . . 264 Electromagnetic . | . . . Impact . | . . . Slashing . | . . . Piercing . | . . . Highest Corruption . | . . . Average Corruption . | . . . Corruption Purged . | . . . Corruption Blocked . | . . . Overload Shots . | . . . Overflow Damage . | . . . Projectiles . | . . . Explosions . | . . . Melee . | . . . Knockbacks 1 | . . 1 Impact . | . . . Kinetic 1 | . . 1 Secondary . | . . . Self-Inflicted Damage . | . . . Shots . | . . . Rammed . | . . . Targets Rammed . | . . . Kicked . | . . . Crushed . | . . . Highest Temperature 281 | . 281 4 Average Temperature 99 | . 102 3 Received Heat Transfer 549 | . 369 180 Siege Activations . | . . . Martial Activations . | . . . Shielding Activations . | . . . Robots Disrupted . | . . . Combat Hostiles . | . . . Robots Corrupted . | . . . Combat Hostiles . | . . . Parts Fried . | . . . Impact Corruptions . | . . . Robots Melted . | . . . Combat Hostiles . | . . . Parts Melted . | . . . Heat Transferred 925 | . 407 518 Parts Sabotaged . | . . . Parts Stolen . | . . . Parts Stripped . | . . . Power Chain Reactions . | . . . Alert | -11 -10 -10 ------- Run | Yrd Mat Sub Maximum Alert Level . | . . . Low Security (%) 100 | 100 100 . Level 1 . | . . . Level 2 . | . . . Level 3 . | . . . Level 4 . | . . . Level 5 . | . . . High Security . | . . . Max Security . | . . . Peak Influence 89 | 5 89 . Initial . | . . . Average 16 | 1 18 . Influence Increases 302 | 15 287 . Destroy 0b10 Robot/C 200 | . 200 . Destroy 0b10 Robot/NC 25 | 15 10 . Destroy Leader 42 | . 42 . Successful Hack 20 | . 20 . Disable Machine 15 | . 15 . Influence Decreases 302 | 15 275 12 Entered New Map 7 | . . 7 Time Decay 265 | 15 245 5 Lost Part 30 | . 30 . Squads Dispatched 1 | . 1 . Investigation 1 | . 1 . Extermination . | . . . Reinforcement . | . . . Assault . | . . . Garrison . | . . . Intercept . | . . . Searches Triggered . | . . . Construction Impeded . | . . . Haulers Reinforced . | . . . Active Scanning Responses . | . . . Cargo Convoy Interrupts . | . . . Stealth | -11 -10 -10 --------- Run | Yrd Mat Sub Distress Signals 1 | . 1 . Communications Jammed . | . . . Distress Signals . | . . . Times Spotted 20 | . 16 4 Peak Tracking Total 3 | . 3 3 Tactical Retreats . | . . . Traps | -11 -10 -10 ------- Run | Yrd Mat Sub Traps Triggered 2 | . 2 . Indirectly . | . . . Trap Hack Attempts . | . . . Triggered . | . . . Disarmed . | . . . Reprogrammed . | . . . Reused . | . . . Traps Extracted . | . . . Installed . | . . . Triggered . | . . . Machines | -11 -10 -10 ---------- Run | Yrd Mat Sub Machines Disabled 1 | . 1 . Max in Single Turn 1 | . 1 . Machines Repaired . | . . . Machines Dismantled . | . . . Machines Sabotaged . | . . . Overloaded Fab Kills . | . . . Hacking | -11 -10 -10 --------- Run | Yrd Mat Sub Machines Accessed 6 | . 6 . Terminals 6 | . 6 . Fabricators . | . . . Repair Stations . | . . . Recycling Units . | . . . Scanalyzers . | . . . Garrison Access . | . . . Total Hacks 21 | . 21 . Successful 12 | . 12 . Failed 9 | . 9 . Catastrophic . | . . . Database Lockouts . | . . . Manual 18 | . 18 . Terminals 21 | . 21 . Fabricators . | . . . Repair Stations . | . . . Recycling Units . | . . . Scanalyzers . | . . . Garrison Access . | . . . Terminal Hacks 2 | . 2 . Emergency Access Points 1 | . 1 . Zone Layout 1 | . 1 . Fabricator Hacks . | . . . Repair Station Hacks . | . . . Recycling Unit Hacks . | . . . Scanalyzer . | . . . Garrison Access Hacks . | . . . Unauthorized Hacks 10 | . 10 . Terminals 10 | . 10 . Assimilate 2 | . 2 . Botnet 3 | . 3 . Skim 5 | . 5 . Fabricators . | . . . Repair Stations . | . . . Recycling Units . | . . . Scanalyzers . | . . . Garrison Access . | . . . Data Cores Recovered 1 | . 1 . Used . | . . . Hacking Detections 5 | . 5 . Full Trace Events . | . . . Feedback Events . | . . . Feedback Blocked . | . . . Robot Schematics Acquired . | . . . Robots Built . | . . . Authchips . | . . . Time . | . . . Total Robot Build Rating . | . . . Part Schematics Acquired . | . . . Parts Built . | . . . Authchips . | . . . Time . | . . . Total Part Build Rating . | . . . Part Studies Acquired . | . . . Parts Repaired . | . . . Time . | . . . Parts Recycled . | . . . Recycled Matter . | . . . Retrieved Matter . | . . . Retrieved Components . | . . . Parts Scanalyzed . | . . . Part Schematics Acquired . | . . . Parts Damaged . | . . . Bothacking | -11 -10 -10 ------------ Run | Yrd Mat Sub Used RIF Installer . | . . . Robots Hacked . | . . . Non-combat . | . . . Combat . | . . . Robot Hacks Applied . | . . . Relay Couplers Released . | . . . Fabnet Peak Effective % . | . . . Robots Rewired . | . . . Allies Hacked . | . . . Hacks Repelled . | . . . Allies | -11 -10 -10 -------- Run | Yrd Mat Sub Total Allies . | . . . Largest Group . | . . . Highest-Rated Group . | . . . Highest-Rated Ally . | . . . Total Orders . | . . . Ally Attacks . | . . . Total Damage . | . . . Kills . | . . . Allies Corrupted . | . . . Allies Melted . | . . . Intel | -11 -10 -10 ------- Run | Yrd Mat Sub Active Infowar (turns) 551 | 44 507 . Seismic 551 | 44 507 . Robot Analysis Total . | . . . Derelict Logs Recovered . | . . . Drone Launches . | . . . Drone Recoveries . | . . . Exploration | -11 -10 -10 ------------- Run | Yrd Mat Sub Turns Passed 1890 | 113 1476 301 Spaces Moved 592 | 68 464 60 Core 7 | 7 . . Treads . | . . . Legs 585 | 61 464 60 Wheels . | . . . Hover . | . . . Flight . | . . . Fastest Speed 50 | 50 120 400 Average Speed 255 | 115 256 411 Slowest Speed 750 | 120 400 750 Overloaded Moves . | . . . Propulsion Burnouts . | . . . Robots Hopped . | . . . Potential Cave-ins . | . . . Cave-ins Triggered . | . . . Exploration Rate (%) 21 | 4 51 9 Regions Visited 2 Branch Regions 1 Pre-discovered Areas 1 | . 1 . Known Exits Taken 1 | . 1 . Unknown Exits Taken 1 | 1 . . Scrap Searched . | . . . Spaces Dug . | . . . Terrain Destroyed 16 | . . 16 Melee . | . . . Projectile . | . . . AOE 16 | . . 16 Terrain Rammed . | . . . Walls Destroyed . | . . . Machines Disabled . | . . . Actions | -11 -10 -10 --------- Run | Yrd Mat Sub Total 853 | 88 681 84 Wait 146 | . 142 4 Move 590 | 67 463 60 Hop . | . . . Pick Up 26 | 8 18 . Fast Attach 8 | 7 1 . Attach 5 | . 3 2 Detach . | . . . Swap 8 | . 7 1 Drop 9 | . 9 . Fire 61 | 6 38 17 Melee . | . . . Ram . | . . . Kick . | . . . Crush . | . . . Escape Stasis . | . . . Rewire . | . . . Trap . | . . . Miscellaneous . | . . . Route ------- -11/Scrapyard -10/Materials (discovered 5 exits: *Mat x3 / [*Min] / *Sub) -10/Subcaves (discovered 3 exits: Mat x2 / Rec) History --------- Turn | Location | Event 16 | -11/Scrapyard | Discovered new exit (range 15) 114 | -11/Scrapyard | Entered Materials 300 | -10/Materials | Discovered new exit (range 16) 312 | -10/Materials | Build established: Mutant 1192 | -10/Materials | Discovered new exit (range 16) 1339 | -10/Materials | Learned 2 Mines zone layouts 1372 | -10/Materials | Identified exit to Materials 1372 | -10/Materials | Identified exit to Subcaves 1404 | -10/Materials | Learned location of 1 exit from Storage 1411 | -10/Materials | Learned location of 2 exits from Subcaves 1590 | -10/Materials | Entered Subcaves 1591 | -10/Subcaves | Identified exit to Materials 1592 | -10/Subcaves | Identified exit to Recycling 1857 | -10/Subcaves | Core integrity fell below 50% 1879 | -10/Subcaves | Core integrity fell below 20% 1884 | -10/Subcaves | Lost 4 parts (1p1n1u1w) 1891 | -10/Subcaves | Destroyed by PS-QYT(R) with Subdweller Laser Last Messages --------------- LOCATION=SUBCAVES AMBIENT_HEAT=-10 GOAL=ESCAPE Loading 2 Materials entrances... Loading 1 Subcaves exit... 01818_ EY-N0A(R) destroyed. 01820_ Aluminum Leg destroyed. 01822_ Subatomizers dissect the Sub. Power Source. 01843_ VO-3ZI(R) destroyed. 01844_ The unstable cave ceiling collapses. 01845_ Lgt. Armor Plating destroyed. 01849_ Grenade Launcher destroyed. 01853_ Cld. Ion Engine destroyed. 01856_ The unstable cave ceiling collapses. 01857_ Subatomizers dissect the Sub. Power Source. 01864_ 4G-NDF(R) knocked back. 01868_ Destroyed Scrap Shield. 01870_ Subatomizers dissect the Sub. Power Source. 01871_ 4G-NDF(R) destroyed. 01882_ Acquired 4 matter. Map ----- +----------------------------------------------------+ | ?????????????????????????????????????????????????? | | ?????????????????????????????????????????????????? | | ?????????????????????????????????????????????????? | | ?????????????????????????????????????????????????? | | ?????????????????????????????????#####????????##?? | | ????????????????????????????????"# #???????# #? | | ????????????????????????""??????"" % ????????? # | | ????????????????????????" ?????? ?????????# | | ????????????????????????# ?????## #?????????# | | ???????????????????????? ?????# #??????????# | | ????????????????????????# ??????# #???????????# | | ????????????????????????# ???????# ####?######## | | ????????????????????????# ???????# ## ### ## | | ???????????????????????## #?????## | | ?????????????????????### ####?## | | ????????????????##??### ### # # | | ????????????????# ## ######## | | ??????????????" # * & #?????## | | ??????????????" !% &%& #?????# | | ????????????????? [ =& ##????## | | ????????????????????## ##????## # | | ???????????????????????# ##??#### ### | | ??????????????????####?# ##### #???# ##?? | | ????????????????### # #??####???## ###??? | | ????????????????#" #??????????######????? | | ????????????????#"" @ #????????????????????? | | ????????????????#"" %#????????????????????? | | ????????????????#"" %&%#????????????????????? | | ?????????????? & #????????????????????? | | ????????????? ????????????????????? | | ???????????? ???????????????????? | | ???????????? % ??????????????????? | | ???????????? % R#### #####?????????????????? | | ????????????? #???### ##?????????????????????? | | ????????????? ## #??????##???????????????????????? | | ???????????????#?????????????????????????????????? | | ?????????????????????????????????????????????????? | | ?????????????????????????????????????????????????? | | ?????????????????????????????????????????????????? | | ?????????????????????????????????????????????????? | | ?????????????????????????????????????????????????? | | ?????????????????????????????????????????????????? | | ?????????????????????????????????????????????????? | | ?????????????????????????????????????????????????? | | ?????????????????????????????????????????????????? | | ?????????????????????????????????????????????????? | | ?????????????????????????????????????????????????? | | ?????????????????????????????????????????????????? | | ?????????????????????????????????????????????????? | | ?????????????????????????????????????????????????? | +----------------------------------------------------+ Best States ------------- Heat Dissipation 25 Energy Generation 14 Energy Capacity 280 Matter Stores 300 Matter Capacity 300 Sight Range 16 Terrain Scan Density 10 Armor Coverage 150 Weapon Shielding 33 Evasion (%) 55 Item Schematics ----------------- None Robot Schematics ------------------ None Fabricated ------------ Nothing Repaired ---------- Nothing Studied --------- None Alien Tech Used ----------------- None Achievements -------------- None Challenges ------------ None Game ------ Seed RiotContainmentBoomstick Manual? 0 Play Time 00:25:02 Cumulative 82.9 hours Start 2026.04.24 @ 15:38:36 End 2026.04.24 @ 16:42:28 Sessions 1 Manual Loads 0 Difficulty Rogue Special Mode None Game No. 105 Rogue 105 Adventurer 0 Explorer 0 Win Type - Total 0 Types 0/0/0/0/0/0/0/0/0/0 Lore% 36 Gallery% 26 Achievement% 21 Wizard Run 0 Options --------- Layout 0 ASCII 0 Keyboard 0 Movement Mouse Keybinds 0 Fullscreen 1 Font 18/SmallcapsGlow Map View 76x50 Zoom Use 0% Tactical HUD 1 Map Filters NONE Filters LOW_CONTRAST(13,24,33) Steam 1 RUN: 0f64dee9-b36b-48dc-b930-023cd5f28b1a